 Dungeon Crawl Stone Soup version 0.19.0-19-g8c6edcc (webtiles) character file.

85 qqqbard the Digger (level 4, -10/24 HPs)
             Began as a Gargoyle Earth Elementalist on Nov 14, 2016.
             Mangled by GlenndL420's ghost (13 damage)
             ... on level 3 of the Dungeon.
             The game lasted 00:06:41 (2503 turns).

qqqbard the Digger (Gargoyle Earth Elementalist)    Turns: 2503, Time: 00:06:42

Health: -10/24     AC:  5    Str: 12    XL:     4   Next: 48%
Magic:  2/8        EV: 12    Int: 16    God:
Gold:   80         SH:  0    Dex: 10    Spells: 2 memorised, 5 levels left

rFire  . . .     SeeInvis .     b - 153 stones
rCold  . . .     Gourm    .     c - +0 robe
rNeg   + . .     Faith    .     (no shield)
rPois  ∞         Spirit   .     (no helmet)
rElec  +         Reflect  .     (no cloak)
rCorr  .         Harm     .     (no gloves)
MR     .....                    (no boots)
Stlth  ++........               (no amulet)
                                (no ring)
                                (no ring)

@: very slightly contaminated
A: negative energy resistance 1, electricity resistance, unbreathing,
petrification resistance, rot immunity, AC +3
a: no special abilities


You were on level 3 of the Dungeon.
You were not hungry.

You visited 1 branch of the dungeon, and saw 3 of its levels.

You collected 80 gold pieces.

Inventory:

Missiles
 b - 153 stones (in hand)
Armour
 c - a +0 robe (worn)
Scrolls
 g - a scroll of amnesia {unknown}
 h - 2 scrolls of immolation {unknown}
 k - 2 scrolls of identify {unknown}
 n - a scroll of random uselessness {unknown}
 o - a scroll of enchant armour {unknown}
 p - a scroll of magic mapping {unknown}
Potions
 a - 2 potions of degeneration {unknown}
 f - a potion of berserk rage {unknown}
 j - a potion of flight {unknown}
 q - a potion of curing {unknown}
 r - 2 potions of cure mutation {unknown}
Books
 e - a book of Geomancy

   Spells                             Type                      Level
   a - Sandblast                      Earth                        1
   b - Passwall                       Transmutation/Earth          2
   c - Stone Arrow                    Conjuration/Earth            3
   d - Petrify                        Transmutation/Earth          4
   e - Lee's Rapid Deconstruction     Earth                        5
Comestibles
 d - a bread ration
 i - 3 chunks of flesh
 l - a meat ration
 m - 3 fruits


   Skills:
 - Level 1.5 Dodging
 - Level 2.1 Stealth
 * Level 3.2 Spellcasting
 + Level 1.6 Conjurations
   Level 0.7 Transmutations
 + Level 4.5 Earth Magic


You had 5 spell levels left.
You knew the following spells:

 Your Spells              Type           Power        Failure   Level  Hunger
a - Sandblast             Erth           ###...       3%          1    None
b - Stone Arrow           Conj/Erth      ##....       17%         3    ###....


Dungeon Overview and Level Annotations

Branches:
Dungeon (3/15)

Altars:
Cheibriados
Makhleb

Annotations:
D:3 GlenndL420's ghost, amateur TrMo


Innate Abilities, Weirdness & Mutations

You are resistant to torment.
Your stone body is resilient. (AC +3)
You are immune to poison.
You resist negative energy. (rN+)
You are resistant to electric shocks. (rElec)
You can survive without breathing.
You are immune to petrification.
You are immune to rotting.


Message History

The rocky blast misses GlenndL420's ghost.
GlenndL420's ghost hits you!
Casting: Sandblast
Confirm with . or Enter, or press ? or * to list all spells.
Aiming: Sandblast
Press: ? - help, Shift-Dir - straight line, f/p - GlenndL420's ghost
Aim: GlenndL420's ghost (lightly damaged)
The rocky blast misses GlenndL420's ghost.
GlenndL420's ghost hits you!
* * * LOW HITPOINT WARNING * * *
Casting: Sandblast
Confirm with . or Enter, or press ? or * to list all spells.
Aiming: Sandblast
Press: ? - help, Shift-Dir - straight line, f/p - GlenndL420's ghost
Aim: GlenndL420's ghost (lightly damaged)
The rocky blast hits GlenndL420's ghost.
GlenndL420's ghost is lightly damaged.
GlenndL420's ghost hits you!
Ouch! That really hurt!
You die...

#
########.##
#.........
####<....#.#
#.........#
#.##.....#.#
# #..W..#
###@### #.#
#.# #.. ####


You could see GlenndL420's ghost.

Vanquished Creatures
  Robin (D:2)
  2 leopard geckos
  4 bats
  3 giant cockroaches (D:1)
  16 goblins
  9 hobgoblins
  13 jackals
  3 frilled lizards
  4 kobolds
  7 rats
62 creatures vanquished.

Notes
Turn   | Place    | Note
-------+----------+-------------------------------------------
     0 | D:1      | qqqbard the Gargoyle Earth Elementalist began the quest for the Orb.
     0 | D:1      | Reached XP level 1. HP: 10/10 MP: 3/3
   199 | D:1      | Reached XP level 2. HP: 5/15 MP: 0/5
   347 | D:1      | Reached skill level 4 in Earth Magic
  1067 | D:2      | Reached XP level 3. HP: 17/19 MP: 4/7
  1134 | D:1      | Learned a level 3 spell: Stone Arrow
  1376 | D:2      | Found a burning altar of Makhleb.
  1736 | D:2      | Found a snail-covered altar of Cheibriados.
  1928 | D:2      | Reached skill level 1 in Conjurations
  1929 | D:2      | Reached XP level 4. HP: 11/24 MP: 1/8
  2217 | D:2      | Noticed Robin
  2222 | D:2      | Killed Robin
  2496 | D:3      | Noticed GlenndL420's ghost (amateur TrMo)
  2503 | D:3      | Mangled by GlenndL420's ghost

Skill      XL: |  1  2  3 |
---------------+----------+-----
Earth Magic    | 4 |  4.5
Spellcasting   | 3 |  3.2
Conjurations   | 1 |  1.6
Dodging        | |  1.5
Stealth        | |  2.1
Transmutations | |  0.7

Action                   |  1- 3 |  4- 6 || total
-------------------------+-------+-------++-------
Melee: Unarmed           |     3 |    18 ||    21
 Cast: Sandblast         |    75 |    31 ||   106
       Stone Arrow       |     3 |       ||     3
  Eat: Chunk             |     4 |     2 ||     6
Armor: Robe              |    25 |     8 ||    33
Dodge: Dodged            |    56 |    26 ||    82
